 Dungeon Crawl Stone Soup version 0.29.0-4-gdea44cf6ec (webtiles) character file.

Game seed: 1406795826335246430

65 qw the Ruffian (level 4, -9/35 HPs)
             Began as a Ghoul Fire Elementalist on Aug 30, 2022.
             Killed by divine providence
             ... invoked by an orc priest
              (10 damage)
             ... on level 2 of the Dungeon.
             The game lasted 00:02:10 (1455 turns).

qw the Ruffian (Ghoul Fire Elementalist)            Turns: 1455, Time: 00:02:10

Health: -9/35      AC:  3    Str: 13    XL:     4   Next: 14%
Magic:  5/5        EV: 11    Int: 10    God:
Gold:   68         SH:  0    Dex:  9    Spells: 5/6 levels left

rFire   . . .      SeeInvis .     - Unarmed
rCold   + . .      Faith    .   (no shield)
rNeg    + + +      Spirit   .   i - +0 leather armour
rPois   inf        Reflect  .   (no helmet)
rElec   .          Harm     .   (no cloak)
rCorr   .          Rampage  .   (no gloves)
Will    .....                   (no boots)
Stlth   +.........              (no amulet)
HPRegen 0.00/turn               (no ring)
MPRegen 0.09/turn               (no ring)

@: inhibited regen
A: claws 1, cold resistance 1, negative energy resistance 3, inhibited
regeneration, torment resistance 2, devour on kill
a: no special abilities


You were on level 2 of the Dungeon.
You visited 1 branch of the dungeon, and saw 2 of its levels.

You collected 68 gold pieces.


Innate Abilities, Weirdness & Mutations

You are immune to poison.
You have sharp fingernails.
Your flesh is cold resistant. (rC+)
You are immune to negative energy. (rN+++)
You do not regenerate when monsters are visible.
You are immune to unholy pain and torment.
You thrive by killing the living.


   Skills:
 - Level 1.2 Fighting
 - Level 1.7 Dodging
 - Level 2.1 Stealth
 + Level 3.7 Unarmed Combat
 - Level 1.7 Spellcasting
 - Level 0.7 Conjurations
 - Level 2.4 Fire Magic


You had 5 spell levels left.
You knew the following spells:

 Your Spells              Type           Power      Damage    Failure   Level
a - Foxfire               Conj/Fire      16%        2x1d4     22%         1

Your spell library contained the following spells:

 Spells                   Type           Power      Damage    Failure   Level
 Scorch                   Fire           10%        2d6       22%         2
 Conjure Flame            Conj/Fire      4%         6-21      54%         3
 Inner Flame              Hex/Fire       3%         N/A       58%         3
 Flame Wave               Conj/Fire      4%         2d5       91%         4

Inventory:

Missiles
 g - 9 boomerangs (quivered)
Armour
 i - a +0 leather armour (worn)
Scrolls
 a - a scroll of identify
Potions
 h - a potion of resistance {unknown}
 j - a potion of curing {unknown}

Dungeon Overview and Level Annotations

Branches:
Dungeon (2/15)

Altars:


Message History

The orc misses you.
You scratch the orc.
The orc is heavily wounded.
You barely miss the orc.
The orc is heavily wounded.
The orc barely misses you.
You scratch the orc. You claw the orc, but do no damage.
The orc is severely wounded.
The orc priest barely misses you. The orc hits you with a +0 dagger.
1448 ||| Stepping ~*~*~tactically~*~*~ (outnumbered).
The orc priest attacks as you move away!
The orc priest hits you but does no damage.
You barely miss the orc priest. The kobold misses you.
The orc priest hits you with a +0 dagger.
1450 ||| Stepping ~*~*~tactically~*~*~ (outnumbered).
The orc priest attacks as you move away!
The orc priest hits you but does no damage.
The kobold attacks as you move away! The kobold hits you with a +0 hand axe.
1451 ||| Stepping ~*~*~tactically~*~*~ (outnumbered).
The orc attacks as you move away! The orc closely misses you.
1452 ||| Stepping ~*~*~tactically~*~*~ (outnumbered).
The orc attacks as you move away! The orc hits you with a +0 dagger.
The orc priest attacks as you move away!
The orc priest hits you but does no damage.
The kobold throws a stone.
The stone misses you.
You scratch the orc but do no damage.
The orc is severely wounded.
The orc priest barely misses you.
You scratch the orc.
You kill the orc!
The orc barely misses you.
The orc priest hits you but does no damage.
You scratch the orc priest.
The orc priest is moderately wounded.
The orc hits you with a +0 dagger. The kobold hits you but does no damage.
The orc hits you with a +0 hand axe.
The orc priest mumbles some strange prayers to Beogh against you.
Beogh smites you!
You die...

.... .### .# #.# .# #.# .# .#
#.# ###.# .####.# ..#.# .'.##.#
####.#.# .#.##.# ####......#
.#.##.##########@K..##.#)#
.#.##%.........ooo.....#.#
##....######........).)).#######
####..# #..#.......#.........
##.#####..#.......#.########
#....##..#.......#.#
####.##..#.......#.#
#..#..#.......#.#
#######.#..#.......#.#


You could see an orc priest, 2 orcs and a kobold.

Vanquished Creatures
  An orc priest (D:2)
  A worm (D:2)
  A dart slug (D:1)
  3 orcs (D:2)
  3 endoplasms
  A goblin (D:1)
  4 hobgoblins
  3 kobolds (D:1)
  A quokka (D:1)
  A ball python (D:1)
  2 bats (D:1)
  4 frilled lizards (D:1)
  5 rats (D:1)
30 creatures vanquished.

Notes
Turn   | Place    | Note
-------+----------+-------------------------------------------
     0 | D:1      | qw the Ghoul Fire Elementalist began the quest for the Orb.
     0 | D:1      | Reached XP level 1. HP: 14/14 MP: 2/2
     0 | D:1      | 0 ||| qw: Version: 0.1-a-90-g952f4b7
     0 | D:1      | 0 ||| qw: Game counter: 4255
     0 | D:1      | 0 ||| qw: Always use a shield: true
     0 | D:1      | 0 ||| qw: God list: Okawaru
     0 | D:1      | 0 ||| qw: Allow faded altars: false
     0 | D:1      | 0 ||| qw: Do Orc after D:15 true
     0 | D:1      | 0 ||| qw: Do second Lair branch before Depths: true
     0 | D:1      | 0 ||| qw: Lair rune preference: random
     0 | D:1      | 0 ||| qw: Plans: Normal
     0 | D:1      | 0 ||| PLANNING D:1-11
    24 | D:1      | 24 ||| Stepping ~*~*~tactically~*~*~ (stealth).
    37 | D:1      | Reached skill level 1 in Unarmed Combat
    42 | D:1      | HP: 2/14 [dart slug/slug dart (2)]
   328 | D:1      | Reached skill level 1 in Fighting
   328 | D:1      | Reached XP level 2. HP: 23/23 MP: 3/3
   558 | D:1      | 558 ||| Stepping ~*~*~tactically~*~*~ (outnumbered).
   831 | D:1      | 831 ||| Stepping ~*~*~tactically~*~*~ (stealth).
   833 | D:1      | 833 ||| Stepping ~*~*~tactically~*~*~ (stealth).
   836 | D:1      | 836 ||| Stepping ~*~*~tactically~*~*~ (stealth).
   838 | D:1      | 838 ||| Stepping ~*~*~tactically~*~*~ (stealth).
   842 | D:1      | Reached skill level 2 in Unarmed Combat
   842 | D:1      | 842 ||| Stepping ~*~*~tactically~*~*~ (stealth).
   859 | D:1      | 859 ||| Stepping ~*~*~tactically~*~*~ (stealth).
   869 | D:1      | 869 ||| Stepping ~*~*~tactically~*~*~ (stealth).
   882 | D:1      | 882 ||| Stepping ~*~*~tactically~*~*~ (stealth).
   885 | D:1      | 885 ||| Stepping ~*~*~tactically~*~*~ (stealth).
  1086 | D:1      | Reached XP level 3. HP: 28/28 MP: 4/4
  1094 | D:1      | 1094 ||| UPGRADING to +0 leather armour.
  1104 | D:1      | 1104 ||| DROPPING +0 robe.
  1105 | D:1      | 1105 ||| DROPPING ring of flight.
  1106 | D:1      | 1106 ||| READING scroll labelled TEG PAHO SAIGG.
  1107 | D:1      | 1107 ||| READING scroll labelled KUWNORH IWEMEISO.
  1108 | D:1      | 1108 ||| READING scroll labelled ORIYLA SUGORE.
  1109 | D:1      | 1109 ||| READING scroll labelled LUQ PASUISIMPOOZ.
  1110 | D:1      | 1110 ||| DROPPING potion of magic.
  1161 | D:2      | 1161 ||| STAIRDANCE
  1316 | D:2      | 1316 ||| Stepping randomly (stuck).
  1317 | D:2      | 1317 ||| Stepping randomly (stuck).
  1318 | D:2      | 1318 ||| Stepping randomly (stuck).
  1321 | D:2      | 1321 ||| Stepping randomly (stuck).
  1322 | D:2      | 1322 ||| Stepping randomly (stuck).
  1323 | D:2      | 1323 ||| Stepping randomly (stuck).
  1324 | D:2      | 1324 ||| Stepping randomly (stuck).
  1325 | D:2      | 1325 ||| Stepping randomly (stuck).
  1327 | D:2      | 1327 ||| Stepping randomly (stuck).
  1328 | D:2      | 1328 ||| Stepping randomly (stuck).
  1329 | D:2      | 1329 ||| Stepping randomly (stuck).
  1330 | D:2      | 1330 ||| Stepping randomly (stuck).
  1331 | D:2      | 1331 ||| Stepping randomly (stuck).
  1332 | D:2      | 1332 ||| Stepping randomly (stuck).
  1333 | D:2      | 1333 ||| Stepping randomly (stuck).
  1334 | D:2      | 1334 ||| Stepping randomly (stuck).
  1335 | D:2      | 1335 ||| Stepping randomly (stuck).
  1336 | D:2      | 1336 ||| Stepping randomly (stuck).
  1337 | D:2      | 1337 ||| Stepping randomly (stuck).
  1338 | D:2      | 1338 ||| Stepping randomly (stuck).
  1340 | D:2      | 1340 ||| Stepping randomly (stuck).
  1341 | D:2      | 1341 ||| Stepping randomly (stuck).
  1342 | D:2      | 1342 ||| Stepping randomly (stuck).
  1343 | D:2      | 1343 ||| Stepping randomly (stuck).
  1344 | D:2      | 1344 ||| Stepping randomly (stuck).
  1345 | D:2      | 1345 ||| Stepping randomly (stuck).
  1346 | D:2      | 1346 ||| Stepping randomly (stuck).
  1348 | D:2      | 1348 ||| Stepping randomly (stuck).
  1349 | D:2      | 1349 ||| Stepping randomly (stuck).
  1350 | D:2      | 1350 ||| Stepping randomly (stuck).
  1352 | D:2      | 1352 ||| Stepping randomly (stuck).
  1353 | D:2      | 1353 ||| Stepping randomly (stuck).
  1355 | D:2      | 1355 ||| Stepping randomly (stuck).
  1356 | D:2      | 1356 ||| Stepping randomly (stuck).
  1357 | D:2      | 1357 ||| Stepping randomly (stuck).
  1358 | D:2      | 1358 ||| Stepping randomly (stuck).
  1359 | D:2      | 1359 ||| Stepping randomly (stuck).
  1360 | D:2      | 1360 ||| Stepping randomly (stuck).
  1361 | D:2      | 1361 ||| Stepping randomly (stuck).
  1362 | D:2      | 1362 ||| Stepping randomly (stuck).
  1363 | D:2      | 1363 ||| Stepping randomly (stuck).
  1364 | D:2      | 1364 ||| Stepping randomly (stuck).
  1365 | D:2      | 1365 ||| Stepping randomly (stuck).
  1366 | D:2      | 1366 ||| Stepping randomly (stuck).
  1367 | D:2      | 1367 ||| Stepping randomly (stuck).
  1369 | D:2      | 1369 ||| Stepping randomly (stuck).
  1370 | D:2      | 1370 ||| Stepping randomly (stuck).
  1371 | D:2      | 1371 ||| Stepping randomly (stuck).
  1373 | D:2      | 1373 ||| Stepping randomly (stuck).
  1374 | D:2      | 1374 ||| Stepping randomly (stuck).
  1375 | D:2      | 1375 ||| Stepping randomly (stuck).
  1376 | D:2      | 1376 ||| Stepping randomly (stuck).
  1377 | D:2      | 1377 ||| Stepping randomly (stuck).
  1378 | D:2      | 1378 ||| Stepping randomly (stuck).
  1379 | D:2      | 1379 ||| Stepping randomly (stuck).
  1380 | D:2      | 1380 ||| Stepping randomly (stuck).
  1381 | D:2      | 1381 ||| Stepping randomly (stuck).
  1399 | D:2      | 1399 ||| Stepping ~*~*~tactically~*~*~ (hiding).
  1424 | D:2      | Reached skill level 3 in Unarmed Combat
  1424 | D:2      | Reached XP level 4. HP: 14/35 MP: 5/5
  1448 | D:2      | 1448 ||| Stepping ~*~*~tactically~*~*~ (outnumbered).
  1450 | D:2      | 1450 ||| Stepping ~*~*~tactically~*~*~ (outnumbered).
  1450 | D:2      | HP: 8/35 [kobold/+0 hand axe (3)]
  1451 | D:2      | 1451 ||| Stepping ~*~*~tactically~*~*~ (outnumbered).
  1452 | D:2      | 1452 ||| Stepping ~*~*~tactically~*~*~ (outnumbered).
  1455 | D:2      | HP: 4/35 [orc/+0 dagger (2)]
  1455 | D:2      | HP: 1/35 [orc/+0 hand axe (3)]
  1455 | D:2      | Killed from afar by an orc priest

Levels and vault maps discovered:
D:1:      dpeg_arrival_orchard, layout_basic, nrook_campfire,
          grunt_decor_mini_mirrors, grunt_decor_clamped, supply_closet_lemuel
D:2:      cheibrodos_pilgrimage, layout_basic, serial_shops, shop_statue

Skill      XL: |  1  2  3 |
---------------+----------+-----
Unarmed Combat | 1 2 3 |  3.7
Fighting       | 1 |  1.2
Dodging        | |  1.7
Stealth        | |  2.1
Spellcasting   | |  1.7
Conjurations   | |  0.7
Fire Magic     | |  2.4

Action                   |  1- 3 |  4- 6 || total
-------------------------+-------+-------++-------
Melee: Unarmed           |    96 |     8 ||   104
       Punch             |       |     1 ||     1
Throw: Boomerang         |    19 |     1 ||    20
  Use: Scroll            |     4 |       ||     4
Armor: Robe              |     8 |       ||     8
       Leather armour    |     3 |     5 ||     8
Dodge: Dodged            |    36 |     8 ||    44

Table legend:
 A = Non-vault XP
 B = Vault XP
 C = Vault XP percentage of total XP
 D = Non-vault monster count
 E = Vault monster count
 F = Vault count percentage of total count
                 A         B        C        D         E       F
            +---------+---------+-------+---------+---------+-------
      Total |      44 |      50 |  53.2 |      26 |       4 |  13.3
            +---------+---------+-------+---------+---------+-------
        D:1 |      35 |       0 |   0.0 |      23 |       0 |   0.0
        D:2 |       9 |      50 |  84.7 |       3 |       4 |  57.1
            +---------+---------+-------+---------+---------+-------
